 Dungeon Sprint DCSS version 0.30.1-11-g7821555f0a (webtiles) character file.

Game seed: 14782548767575775717

943 Heoruswealwe the Spear-Bearer (level 7, -4/74 HPs)
             Began as a Minotaur Fighter on Dec 15, 2023.
             Was an Initiate of Gozag.
             Splashed by a brown ugly thing's acid (9 damage)
             ... in the Dungeon (Sprint IX: "|||||||||||||||||||||||||||||").
             The game lasted 00:02:05 (308 turns).

Heoruswealwe the Spear-Bearer (Minotaur Fighter)     Turns: 308, Time: 00:02:06

Health: -4/74      AC: 16    Str: 26    XL:     7   Next: 88%
Magic:  6/6        EV: 10    Int:  5    God:    Gozag
Gold:   675        SH:  0    Dex:  9    Spells: 6/6 levels left

rFire   . . .        b - +2 halberd (protect)
rCold   . . .        (shield currently unavailable)
rNeg    . . .        c - +1 scale mail
rPois   .            (helmet restricted)
rElec   .            (no cloak)
rCorr   .            f - +0 pair of gloves
SInv    .            e - +0 pair of boots
Will    .....        (no amulet) Stlth
                     k - +3 ring of strength
HPRegen 0.32/turn    (no ring)
MPRegen 0.10/turn

%: no teleportation
@: corroded, under a protective aura
A: horns 2, retaliatory headbutt
a: Renounce Religion, Potion Petition, Call Merchant, Bribe Branch


You were in the Dungeon.
You worshipped Gozag.
Gozag was pleased with you.
You visited 1 branch You collected 675 gold pieces.

Inventory:

Hand Weapons
 a - a +0 trident
 b - a +2 halberd of protection (weapon)
Armour
 c - a +1 scale mail (worn)
 d - a +0 buckler
 e - a +0 pair of boots (worn)
 f - a +0 pair of gloves (worn)
Jewellery
 k - a +3 ring of strength (left hand)
Wands
 h - a wand of quicksilver (10)
Scrolls
 j - 2 scrolls of blinking
Potions
 g - a potion of haste
 i - a potion of berserk rage
 l - 4 potions of curing
 m - 2 potions of heal wounds
 n - a potion of might


   Skills:
 + Level 11.0 Fighting
 * Level 14.5 Polearms
 + Level 11.0 Armour
 - Level 3.6 Shields


You had 6 spell levels left.
You didn't know any spells.
Your spell library was empty.

Dungeon Overview and Level Annotations

Branches:
Dungeon (1/1)

Altars:
Cheibriados
Dithmenos
Elyvilon
Fedhas
Gozag
Hepliaklqana
Kikubaaqudgha
Makhleb
Nemelex Xobeh
Okawaru
Qazlal
Ru
Sif Muna
Trog
Uskayaw
Vehumet
Wu Jian
Xom
Yredelemnul
Zin
The Shining One
Jiyva
Lugonu


Innate Abilities, Weirdness & Mutations

You have a pair of horns on your head.
You reflexively headbutt those who attack you in melee.


Message History

A death knight, a boulder beetle, an acid dragon, a komodo dragon, a manticore and a brown ugly thing come into view.
The death knight shouts!
The acid dragon roars!
The death knight offers itself to Yredelemnul, and fills with unholy energy.
The brown ugly thing claws you but does no damage.
You puncture the brown ugly thing!
Your weapon exudes an aura of protection.
You headbutt the brown ugly thing.
The brown ugly thing is lightly wounded.
The boulder beetle leaps!
The komodo dragon hisses menacingly.
You slash the brown ugly thing!
You headbutt the brown ugly thing, but do no damage.
The brown ugly thing is moderately wounded.
The brown ugly thing closely misses you.
You puncture the brown ugly thing!
The brown ugly thing is heavily wounded.
The boulder beetle barely misses you. The brown ugly thing barely misses you.
You barely miss the brown ugly thing.
The brown ugly thing is heavily wounded.
The boulder beetle bites you but does no damage.
The brown ugly thing claws you! The acid corrodes you!
You are splashed with acid!
You hit the brown ugly thing but do no damage.
You headbutt the brown ugly thing!
The brown ugly thing is severely wounded.
The boulder beetle bites you!
You hit the brown ugly thing but do no damage.
Your headbutt misses the brown ugly thing.
The brown ugly thing is severely wounded.
The brown ugly thing claws you!
You are splashed with acid!
You closely miss the brown ugly thing. You headbutt the brown ugly thing.
The brown ugly thing is severely wounded.
The boulder beetle bites you!!
* * * LOW HITPOINT WARNING * * *
The komodo dragon hisses menacingly.
The brown ugly thing claws you!
* * * LOW HITPOINT WARNING * * *
You are splashed with acid!
You die...
Your body crumbles into a pile of gold.

▓.▓
▓.▓
▓p▓
▓D▓
▓l▓
▓H▓
▓u▓
$
▓@▓
$
▓B▓
$ $
▓.▓
$
▓.▓
$ $
▓.▓
▓.▓
$ $
▓'▓
▓.▓
$
▓.▓


You could see a death knight (reflects damage), a boulder beetle, a brown ugly
thing, a manticore, a komodo dragon and an acid dragon.

Vanquished Creatures
  A troll (D)
  A hornet (D)
  2 yaks (D)
  A steam dragon (D)
  A howler monkey (D)
  A hound (D)
  2 adders (D)
  A shadow imp (D)
  An orc (D)
  An endoplasm (D)
  2 frilled lizards (D)
  A kobold (D)
  A rat (D)
16 creatures vanquished.

Notes
Turn   | Place    | Note
-------+----------+-------------------------------------------
     0 | D        | Heoruswealwe the Minotaur Fighter began the quest for the
                  | Orb.
     0 | D        | Reached XP level 1. HP: 19/19 MP: 0/0
     9 | D        | Reached skill level 3 in Polearms
    25 | D        | Noticed a hound
    29 | D        | Reached skill level 4 in Polearms
    29 | D        | Reached XP level 2. HP: 28/28 MP: 1/1
    32 | D        | Reached skill level 5 in Polearms
    34 | D        | Reached skill level 5 in Fighting
    36 | D        | Reached skill level 6 in Polearms
    36 | D        | Reached skill level 5 in Armour
    36 | D        | Reached XP level 3. HP: 36/37 MP: 2/2
    46 | D        | Found a snail-covered altar of Cheibriados.
    46 | D        | Found a shadowy altar of Dithmenos.
    46 | D        | Found a white marble altar of Elyvilon.
    46 | D        | Found a blossoming altar of Fedhas.
    46 | D        | Found an opulent altar of Gozag.
    47 | D        | Found a hazy altar of Hepliaklqana.
    48 | D        | Found a viscous altar of Jiyva.
    49 | D        | Found an ancient bone altar of Kikubaaqudgha.
    50 | D        | Found a corrupted altar of Lugonu.
    51 | D        | Found a burning altar of Makhleb.
    52 | D        | Found a sparkling altar of Nemelex Xobeh.
    53 | D        | Found an iron altar of Okawaru.
    54 | D        | Became a worshipper of Gozag Ym Sagoz the Greedy
    55 | D        | Found a stormy altar of Qazlal.
    56 | D        | Found a sacrificial altar of Ru.
    57 | D        | Found a shimmering blue altar of Sif Muna.
    58 | D        | Found a bloodstained altar of Trog.
    59 | D        | Found a hide-covered altar of Uskayaw.
    60 | D        | Found a radiant altar of Vehumet.
    61 | D        | Found an ornate altar of the Wu Jian Council.
    62 | D        | Found a shimmering altar of Xom.
    63 | D        | Found a basalt altar of Yredelemnul.
    64 | D        | Found a glowing silver altar of Zin.
    65 | D        | Found a glowing golden altar of the Shining One.
   128 | D        | Noticed a troll
   128 | D        | Noticed a yak
   128 | D        | Noticed a steam dragon
   128 | D        | Noticed a hornet
   128 | D        | Noticed a yak
   133 | D        | Killed a yak
   134 | D        | Reached skill level 10 in Polearms
   134 | D        | Reached XP level 4. HP: 21/48 MP: 3/3
   134 | D        | Reached XP level 5. HP: 23/53 MP: 4/4
   140 | D        | Killed a hornet
   141 | D        | Reached skill level 12 in Polearms
   141 | D        | Reached XP level 6. HP: 18/63 MP: 5/5
   147 | D        | Killed a steam dragon
   148 | D        | Reached XP level 7. HP: 45/71 MP: 6/6
   151 | D        | Killed a yak
   152 | D        | Reached skill level 10 in Fighting
   152 | D        | Reached skill level 13 in Polearms
   152 | D        | Reached skill level 10 in Armour
   162 | D        | Killed a troll
   163 | D        | Reached skill level 14 in Polearms
   301 | D        | Noticed a death knight
   301 | D        | Noticed a boulder beetle
   301 | D        | Noticed a komodo dragon
   301 | D        | Noticed a manticore
   301 | D        | Noticed a brown ugly thing
   308 | D        | Splashed by a brown ugly thing's acid

Illustrated notes

Levels and vault maps discovered:
D:        linesprint [early_d, line_temple, items_1, d_10, items_2, lair_1,
          lair_end, items_3, orc_1, orc_end, items_4, d_15, swamp_1, shoals_1,
          snake_1, spider_1, d_20, vaults_1, items_5, swamp_end, shoals_end,
          snake_end, spider_end, vaults_end, d_27, items_6, zot_1, zot_end,
          crypt_end, forest_end, elf_end, slime_end, tomb_end, abyss_end,
          pan_hell_end]

Skill      XL: |  1  2  3  4  5  6  7 |
---------------+----------------------+-----
Polearms       | 4 6 10 12 14 | 14.5
Fighting       | 4 5 7 9 11 | 11.0
Armour         | 4 5 7 9 11 | 11.0
Shields        | |  3.6

Action                     |  1- 3 |  4- 6 |  7- 9 || total
---------------------------+-------+-------+-------++-------
  Melee: Trident           |    22 |       |       ||    22
         Headbutt          |     4 |     2 |     5 ||    11
         Halberd           |     5 |    12 |    21 ||    38
    Use: Potion            |       |     2 |       ||     2
 Armour: Scale mail        |     8 |    13 |     5 ||    26
  Dodge: Dodged            |     5 |     8 |     6 ||    19
  Block: Buckler           |     2 |       |       ||     2
